 Dungeon Crawl Stone Soup version 0.29.1-1-gd02db6906a (webtiles) character file.

Game seed: 15984905985873762219

729 vvl the Trooper (level 7, 0/60 HPs)
             Began as a Ghoul Fighter on Oct 10, 2022.
             Slain by Crazy Yiuf
             ... wielding a +4 quarterstaff of chaos
              (11 damage)
             ... on level 5 of the Dungeon.
             The game lasted 00:08:07 (5329 turns).

vvl the Trooper (Ghoul Fighter)                     Turns: 5329, Time: 00:08:07

Health: 0/60       AC:  8    Str: 20    XL:     7   Next: 73%
Magic:  9/9        EV:  9    Int:  5    God:
Gold:   165        SH:  4    Dex:  8    Spells: 10/10 levels left

rFire   + . .      SeeInvis .   p - +0 dagger (venom)
rCold   + + .      Faith    .   c - +0 buckler
rNeg    + + +      Spirit   .   b - +0 scale mail
rPois   ∞          Reflect  .   (no helmet)
rElec   .          Harm     .   (no cloak)
rCorr   .          Rampage  .   (no gloves)
Will    .....                   x - +0 pair of boots
Stlth   ..........              (no amulet)
HPRegen 0.00/turn               j - ring of protection from fire
MPRegen 0.11/turn               s - ring of protection from cold

@: inhibited regen
A: claws 1, cold resistance 1, negative energy resistance 3, inhibited
regeneration, torment resistance 2, devour on kill
a: no special abilities


You were on level 5 of the Dungeon.
You visited 1 branch of the dungeon, and saw 5 of its levels.

You collected 165 gold pieces.

Inventory:

Hand Weapons
 a - a +0 war axe
 p - a +0 dagger of venom (weapon)
 w - a +4 scythe of protection
 y - a +1 short sword of electrocution
Armour
 b - a +0 scale mail (worn)
 c - a +0 buckler (worn)
 x - a +0 pair of boots (worn)
Jewellery
 j - a ring of protection from fire (left claw)
 s - a ring of protection from cold (right claw)
Wands
 A - a wand of flame (17)
Scrolls
 f - 4 scrolls of identify {unknown}
 h - 7 scrolls of teleportation {unknown}
 k - a scroll of blinking {unknown}
 l - a scroll of noise {unknown}
 n - a scroll of enchant weapon {unknown}
 r - a scroll of magic mapping {unknown}
 u - a scroll of summoning {unknown}
 z - a scroll of fear {unknown}
 B - a scroll of immolation {unknown}
Potions
 d - 3 potions of might
 e - a potion of magic {unknown}
 g - 3 potions of curing
 i - a potion of resistance {unknown}
 m - 2 potions of mutation {unknown}
 o - a potion of flight {unknown}
 q - 3 potions of heal wounds {unknown}
 t - 2 potions of brilliance {unknown}
 v - a potion of attraction {unknown}


   Skills:
 + Level 4.6 Fighting
 + Level 3.2 Axes
 + Level 3.8 Armour
 + Level 3.6 Shields
 + Level 2.1 Spellcasting
 + Level 2.3 Conjurations
 + Level 1.0 Necromancy
 * Level 3.2 Earth Magic


You had 10 spell levels left.
You didn't know any spells.
Your spell library contained the following spells:

 Spells                   Type           Power      Damage    Failure   Level
 Sandblast                Erth           6%         2d5       38%         1
 Passwall                 Tmut/Erth      1%         N/A       77%         2
 Stone Arrow              Conj/Erth      6%         3d7       83%         3
 Ensorcelled Hibernation  Hex/Ice        0%         N/A       94%         2
 Gell's Gravitas          Tloc           0%         N/A       99%         3
 Teleport Other           Tloc           0%         N/A       99%         3
 Metabolic Englaciation   Hex/Ice        0%         N/A       100%        5
 Dispersal                Tloc           0%         N/A       100%        6
 Monstrous Menagerie      Summ           0%         N/A       100%        7
 Ice Form                 Ice/Tmut       Unusable   N/A       N/A         4

Dungeon Overview and Level Annotations

Branches:
Dungeon (5/15)
 Temple: D:4-7

Altars:

Shops:
D:2 =

Annotations:
D:5 Crazy Yiuf


Innate Abilities, Weirdness & Mutations

You are immune to poison.
You have sharp fingernails.
Your flesh is cold resistant. (rC+)
You are immune to negative energy. (rN+++)
You do not regenerate when monsters are visible.
You are immune to unholy pain and torment.
You thrive by killing the living.


Message History

Items here: ( ))) [[ ÷ †.
Items here: ) [ ÷÷.
Things that are here:
a +0 trident; an orc skeleton
Things that are here:
a +2 dagger of pain; a +0 robe; an orc skeleton You now have 156 gold pieces (gained 4).
You now have 165 gold pieces (gained 9).
h - 7 scrolls labelled QER GI GYUSIP (gained 1)
Found a runed translucent door.
Crazy Yiuf waves his quarterstaff at you.
You open the door.
Crazy Yiuf says, "Flower!
Shower pontify Xom."
You hit Crazy Yiuf but do no damage.
Crazy Yiuf hits you with a +4 quarterstaff of chaos!
Crazy Yiuf freezes you.
You hit Crazy Yiuf.
Crazy Yiuf is poisoned.
Crazy Yiuf is lightly wounded.
Crazy Yiuf says, "Race mobile senile!"
Crazy Yiuf barely misses you. Crazy Yiuf attacks as you move away!
Crazy Yiuf hits you with a +4 quarterstaff of chaos!
You hit Crazy Yiuf but do no damage.
Crazy Yiuf looks as sick as possible!
Crazy Yiuf is moderately wounded.
You block Crazy Yiuf's attack. Crazy Yiuf attacks as you move away!
Crazy Yiuf hits you with a +4 quarterstaff of chaos!
You are electrocuted!
* * * LOW HITPOINT WARNING * * *
Crazy Yiuf attacks as you move away!
Crazy Yiuf hits you with a +4 quarterstaff of chaos.
* * * LOW HITPOINT WARNING * * *
You hit Crazy Yiuf but do no damage.
Crazy Yiuf is heavily wounded.
Crazy Yiuf whimpers, "Snower aubergine unthinkable!"
Crazy Yiuf closely misses you.
You hit Crazy Yiuf.
Crazy Yiuf looks as sick as possible!
Crazy Yiuf is heavily wounded.
Crazy Yiuf hits you with a +4 quarterstaff of chaos!
You die...

### ♣♣#### #)..#♣♣
♣♣.#..##
#...'.♣♣♣♣P.....#
#...#♣..♣g@P....# ###
♣♣♣.♣.P#...# ###
♣♣♣♣♣##.## ##.# #.#
##..############# #.#
#...............####.#
#....................#
................######
................#


You could see Crazy Yiuf (extremely poisoned).

Vanquished Creatures
  Sigmund (D:3)
  A black bear (D:4)
  2 orc priests
  3 hounds
  A jelly (D:5)
  An iguana (D:4)
  3 orc wizards
  8 gnolls
  2 adders
  A worm (D:2)
  3 dart slugs
  14 orcs
  7 ball pythons
  5 bats
  4 endoplasms
  2 giant cockroaches (D:1)
  8 hobgoblins
  9 kobolds
  5 quokkas
  4 frilled lizards
  11 goblins
  4 rats
99 creatures vanquished.

Notes
Turn   | Place    | Note
-------+----------+-------------------------------------------
     0 | D:1      | vvl the Ghoul Fighter began the quest for the Orb.
     0 | D:1      | Reached XP level 1. HP: 19/19 MP: 0/0
   167 | D:1      | Reached XP level 2. HP: 23/26 MP: 1/1
   904 | D:2      | Got the Atlas of Rime and the Throng
   936 | D:2      | Reached XP level 3. HP: 25/31 MP: 2/2
   940 | D:2      | Reached skill level 1 in Earth Magic
   944 | D:2      | Reached skill level 1 in Conjurations
   944 | D:2      | Reached XP level 4. HP: 10/39 MP: 2/4
  1230 | D:2      | Reached skill level 1 in Spellcasting
  1331 | D:2      | Found Karuimae's Jewellery Shop.
  1916 | D:2      | Reached XP level 5. HP: 12/46 MP: 5/5
  2518 | D:3      | Noticed Sigmund
  2536 | D:3      | Killed Sigmund
  2537 | D:3      | Reached skill level 4 in Fighting
  2537 | D:3      | Reached XP level 6. HP: 21/52 MP: 5/7
  3151 | D:3      | Found a faded altar of an unknown god.
  3461 | D:4      | Noticed a black bear
  3476 | D:4      | Killed a black bear
  3884 | D:4      | Reached XP level 7. HP: 58/60 MP: 8/8
  4980 | D:5      | Entered Level 5 of the Dungeon
  5018 | D:5      | HP: 3/60 [hound (2)]
  5035 | D:5      | Reached skill level 1 in Necromancy
  5315 | D:5      | Found a runed translucent door.
  5316 | D:5      | Noticed Crazy Yiuf
  5329 | D:5      | Slain by Crazy Yiuf

Illustrated notes

Levels and vault maps discovered:
D:1:      ncdulo_smallfort, layout_basic
D:2:      layout_loops_ring, serial_shops, shop
D:3:      layout_basic, shapermc_ecumenical_altar_mp_vishouse, uniq_sigmund
D:4:      layout_basic
D:5:      layout_rooms, nicolae_overflow_hidden_temple, uniq_crazy_yiuf_cottage

Skill      XL: |  1  2  3  4  5  6  7 |
---------------+----------------------+-----
Axes           | 2 3 |  3.2
Earth Magic    | 1 2 3 |  3.2
Conjurations   | 1 2 |  2.3
Armour         | 3 |  3.8
Spellcasting   | 1 2 |  2.1
Shields        | 3 |  3.6
Fighting       | 4 |  4.6
Necromancy     | 1 |  1.0

Action                   |  1- 3 |  4- 6 |  7- 9 || total
-------------------------+-------+-------+-------++-------
Melee: War axe           |    74 |    11 |       ||    85
       Dagger            |       |   162 |   120 ||   282
  Use: Potion            |       |       |     4 ||     4
Armor: Scale mail        |    27 |    84 |    93 ||   204
Dodge: Dodged            |    45 |   107 |    72 ||   224
Block: Buckler           |    16 |    37 |    32 ||    85
